Map: Kairos Junction LE

Players

Denver

  • Race: Zerg Zerg
  • League: Grandmaster
  • Spawn Location: 5:00

Lambo - Winner!

  • Race: Zerg Zerg
  • League: Master
  • Spawn Location: 11:00

VOD

Have the link to the VOD?

Description

Time

  • Played on: Jan. 12, 2019, 7:38 a.m.
  • Length: 7:54
Show
View Real Time Build Order
Export as new Build Order

Denver Zerg 

Build Orders: Pool First 

Get SALT Encoding   

  12  0:18  Spawning Pool  
  11  0:22  Drone  
  11  0:26  Drone  
  13  0:31  Drone  
  14  0:40  Overlord  
  14  1:05  Queen, Zergling x6  
  19  1:17  Zergling x2  
  20  1:27  Zergling x2  
  21  1:33  Hatchery  
  21  1:38  Zergling x2  
  21  1:48  Zergling x2  
  22  1:59  Overlord  
  22  2:17  Queen  
  22  2:23  Drone x3  
  22  2:28  Drone  
  23  2:36  Drone  
  22  2:44  Queen  
  22  2:46  Drone  
  22  2:50  Drone  
  26  2:53  Queen  
  26  2:56  Drone x2  
  30  3:05  Drone  
  31  3:15  Drone  
  31  3:17  Drone  
  31  3:18  Drone x3  
  36  3:20  Spore Crawler  
  36  3:22  Overlord  
  36  3:26  Drone  
  35  3:31  Evolution Chamber  
  35  3:33  Overlord  
  35  3:36  Extractor x2  
  35  3:38  Drone  
  35  3:39  Drone  
  35  3:42  Drone  
  35  3:45  Drone  
  37  3:52  Roach Warren  
  37  3:53  Drone x2  
  38  3:56  Drone  
  38  3:57  Drone  
  38  3:59  Drone  
  41  4:05  Drone x2  
  41  4:08  Drone  
  41  4:09  Drone  
  45  4:11  Drone  
  46  4:18  Overlord  
  46  4:20  Drone  
  47  4:25  Lair  
  47  4:29  Drone x3  
  50  4:33  Overlord, Extractor  
  49  4:41  Zerg Missile Weapons Level 1  
  49  4:44  Evolution Chamber  
  48  4:52  Hatchery  
  47  4:56  Overlord  
  47  5:00  Roach  
  47  5:01  Roach  
  47  5:04  Drone x3  
  54  5:08  Roach x2  
  54  5:12  Drone x2  
  60  5:15  Roach  
  60  5:20  Roach x2  
  66  5:24  Roach  
  66  5:28  Glial Reconstitution  
  68  5:32  Overlord  
  68  5:34  Overseer  
  68  5:37  Drone x4  
  68  5:40  Extractor  
  68  5:41  Overlord  
  71  5:54  Roach x5  
  81  5:59  Overlord  
  81  6:05  Drone x4  
  85  6:13  Drone x3  
  85  6:14  Drone  
  85  6:17  Overlord  
  89  6:24  Drone x2  
  91  6:28  Roach  
  93  6:32  Overseer  
  93  6:33  Roach x2  
  93  6:38  Drone x2  
  93  6:39  Drone x2  
  101  6:40  Overseer  
  101  6:42  Extractor  
  101  6:43  Roach x2  
  101  6:45  Overlord  
  101  6:46  Overseer  
  104  6:47  Overlord  
  104  6:50  Roach  
  104  6:54  Overlord  
  106  6:55  Roach  
  106  6:56  Roach  
  106  6:59  Roach x2  
  114  7:03  Overlord  
  114  7:05  Ravager x5  
  114  7:08  Roach  
  121  7:11  Roach  
  121  7:12  Roach  
  121  7:14  Roach  
  127  7:17  Spine Crawler  
  127  7:20  Roach x2  
  128  7:29  Roach x5  
Show
View Real Time Build Order
Export as new Build Order

Lambo Zerg - Winner!

Build Orders: Hatch First 

Get SALT Encoding   

  12  0:00  Drone  
  13  0:13  Overlord  
  13  0:16  Drone  
  14  0:31  Drone x2  
  16  0:48  Hatchery  
  15  0:51  Drone  
  15  0:55  Drone  
  17  1:09  Spawning Pool  
  17  1:11  Extractor  
  15  1:13  Drone  
  15  1:17  Drone  
  17  1:20  Drone  
  18  1:28  Drone  
  19  1:39  Drone  
  20  1:57  Zergling x2  
  20  1:59  Queen x2  
  20  2:00  Zergling x2  
  20  2:01  Zergling x2  
  27  2:17  Zergling x2  
  23  2:24  Drone x3  
  24  2:32  Drone  
  24  2:34  Drone  
  26  2:44  Drone  
  25  2:51  Overlord  
  25  2:58  Drone  
  25  3:01  Drone  
  25  3:04  Drone  
  28  3:14  Drone x2  
  28  3:15  Drone x2  
  28  3:17  Drone  
  28  3:19  Drone  
  33  3:23  Drone  
  33  3:26  Drone  
  35  3:29  Overlord  
  34  3:35  Drone x2  
  36  3:42  Evolution Chamber  
  35  3:48  Hatchery  
  35  3:52  Drone x3  
  35  3:53  Drone  
  38  3:57  Drone  
  38  3:58  Drone x2  
  38  4:01  Extractor  
  40  4:03  Drone  
  40  4:05  Drone  
  40  4:06  Drone x2  
  40  4:09  Zerg Missile Weapons Level 1  
  44  4:16  Extractor  
  43  4:17  Overlord  
  43  4:20  Overlord  
  43  4:37  Lair, Drone  
  43  4:38  Queen  
  44  4:39  Drone  
  44  4:40  Drone  
  44  4:44  Drone x4  
  44  4:45  Roach Warren  
  51  4:46  Drone  
  51  4:49  Overlord  
  52  4:54  Overlord  
  52  4:58  Overlord  
  52  5:05  Overlord  
  52  5:06  Evolution Chamber  
  51  5:11  Overlord  
  51  5:25  Roach x8  
  51  5:28  Roach  
  69  5:33  Roach x2  
  73  5:36  Glial Reconstitution, Overseer  
  73  5:39  Roach  
  73  5:41  Overlord  
  75  5:44  Roach  
  75  5:49  Roach x2  
  81  5:50  Overlord  
  81  5:54  Roach  
  81  5:56  Overlord  
  83  6:01  Roach x2  
  87  6:13  Roach, Extractor  
  87  6:17  Roach x2  
  87  6:18  Roach x3  
  98  6:23  Overlord  
  98  6:26  Overlord  
  98  6:27  Roach x2  
  98  6:31  Roach x2  
  98  6:32  Overlord  
  106  6:40  Overlord  
  106  6:41  Overlord  
  106  6:42  Roach  
  106  6:45  Ravager  
  109  6:51  Roach x4  
  117  6:55  Roach  
  117  6:56  Roach  
  117  6:59  Roach  
  123  7:02  Roach  
  123  7:06  Roach x2  
  129  7:10  Roach  
  129  7:12  Roach  
  129  7:14  Roach  
  135  7:18  Roach  
  135  7:26  Roach  
  135  7:27  Roach x2  
  127  7:30  Roach  
  127  7:33  Roach  
Tags
 
Add a new tag
Caveats
  • Supply blocks, unpowered buildings, or Contaminate may cause inaccurate times.
  • Supply counts are checked every 10 seconds.